 Dungeon Crawl Stone Soup version 0.31.0-32-g396128a36d (webtiles) character file.

Game seed: 14523693668531251721

475 monsoonserge the Cudgeller (level 7, -4/48 HPs)
             Began as an Octopode Cinder Acolyte on Mar 25, 2024.
             Was a High Priest of Ignis.
             Slain by an orc warrior
             ... wielding a +0 halberd
              (17 damage)
             ... on level 5 of the Dungeon.
             The game lasted 00:11:35 (3827 turns).

monsoonserge the Cudgeller (OpCA)                   Turns: 3827, Time: 00:11:37

Health: -4/48      AC:  1    Str: 16    XL:     7   Next: 10%
Magic:  0/10       EV: 12    Int: 16    God:    Ignis [*****.]
Gold:   173        SH:  0    Dex:  7    Spells: 8/10 levels left

rFire   + . .        s - +6 club
rCold   . . .        (no shield)
rNeg    . . .        (helmet restricted)
rPois   .            k - amulet of guardian spirit
rElec   .            t - ring of see invisible
rCorr   .            f - ring of flight
SInv    +            (no ring)
Will    .....        (no ring)
Stlth   +++          (no ring)
HPRegen 0.28/turn    (no ring)
MPRegen 0.12/turn    (no ring)
                     (no ring)

%: guardian spirit
@: flying
A: almost no armour, amphibious, 8 rings, camouflage 1, gelatinous body 1,
(nimble swimmer 1), tentacles
a: Renounce Religion, Fiery Armour, Foxfire Swarm, Rising Flame


You were on level 5 of the Dungeon.
You worshipped Ignis.
Ignis was extremely pleased with you.
You visited 1 branch of the dungeon, and saw 5 of its levels.

You collected 173 gold pieces.

Inventory:

Hand Weapons
 a - a -1 mace of flaming
 s - a +6 club (weapon)
Missiles
 e - 3 boomerangs
 l - 5 javelins
 m - 2 poisoned darts (quivered)
Jewellery
 f - a ring of flight (right tentacle)
 k - an amulet of guardian spirit (around mantle)
 t - a ring of see invisible (left tentacle)
Wands
 w - a wand of iceblast (8)
Scrolls
 c - a scroll of amnesia
 d - 2 scrolls of poison {unknown}
 g - a scroll of teleportation {unknown}
 h - 2 scrolls of fear {unknown}
 i - 3 scrolls of fog
 j - 2 scrolls of noise {unknown}
 o - 2 scrolls of immolation {unknown}
 p - a scroll of torment {unknown}
 q - a scroll of silence {unknown}
 r - 3 scrolls of vulnerability {unknown}
 u - a scroll of revelation {unknown}
 v - a scroll of blinking {unknown}
Potions
 b - a potion of attraction
 n - 4 potions of curing {unknown}


   Skills:
 + Level 4.1 Fighting
 + Level 4.8 Maces & Flails
 + Level 2.0 Dodging
 + Level 3.6 Stealth
 + Level 1.0 Unarmed Combat
 + Level 2.2 Spellcasting
 + Level 3.8 Fire Magic
 * Level 1.3 Evocations


You had 8 spell levels left.
You knew the following spells:

 Your Spells              Type           Power      Damage    Failure   Level
a - Scorch                Fire           28%        2d6       6%          2

Your spell library contained the following spells:

 Spells                   Type           Power      Damage    Failure   Level
 Apportation              Tloc           2%         N/A       21%         1
 Necrotise                Necr           4%         1d4       21%         1
 Sting                    Conj/Alch      4%         1d3       21%         1
 Summon Small Mammal      Summ           4%         N/A       21%         1
 Anguish                  Hex/Necr       0%         N/A       90%         4
 Cause Fear               Hex            0%         N/A       90%         4
 Enfeeble                 Hex            0%         N/A       100%        7


Dungeon Overview and Level Annotations

Branches:
Dungeon (5/15)
 Temple: D:4-7

Altars:

Shops:
D:2 =

Portals:
Abyss: D:4

Annotations:
D:3 Ijyb, Sigmund
D:4 1 runed translucent door, 2 transporters, Crazy Yiuf; mitya21's ghost, amateur DsSh


Innate Abilities, Weirdness & Mutations

You cannot wear most types of armour.
You are amphibious.
You can wear up to eight rings at the same time.
Your skin changes colour to match your surroundings (Stealth+).
Your rubbery body absorbs attacks. (AC +1, EV +1)
((You are camouflaged when in or above water. (Stealth+)))
You have tentacles for arms and can constrict up to eight enemies at once.


Message History

You see here an iguana corpse.
Menkaure, Prince of Dust comes into view.
Okay, then.
Okay, then.
Found a scroll labelled LUKATHRY EMEO.
Menkaure mumbles some strange words.
Menkaure seems to speed up.
You hear a shout!
Casting: Scorch (safe; 7% risk of failure)
Confirm with . or Enter, or press ? or * to list all spells.
Nothing appears to happen.
Menkaure gestures at you while chanting.
Pain shoots through your body!
Casting: Scorch (safe; 7% risk of failure)
Confirm with . or Enter, or press ? or * to list all spells.
Flames lash Menkaure.
Menkaure is burned terribly!
Menkaure is heavily damaged.
Menkaure's fire resistance burns away.
Casting: Scorch (safe; 7% risk of failure)
Confirm with . or Enter, or press ? or * to list all spells.
Flames lash Menkaure.
Menkaure is burned terribly!
You destroy Menkaure!
Your Dodging skill increases to level 2!
Your Evocations skill increases to level 1!
You have reached level 7!
Okay, then.
An orc warrior comes into view. It is wielding a +0 halberd.
The orc warrior throws a boomerang.
The boomerang hits you!
The orc warrior hits you from afar with a +0 halberd!
* * * LOW HITPOINT WARNING * * *
Casting: Scorch (safe; 6% risk of failure)
Confirm with . or Enter, or press ? or * to list all spells.
You don't have enough magic to cast this spell.
Aiming: Iceblast
Press: ? - help, Shift-Dir - straight line, f - orc warrior
Aim: an orc warrior, wielding a +0 halberd, wearing a +0 chain mail and quivering boomerangs The mass of ice explodes!
The iceblast engulfs the orc warrior!
The orc warrior is heavily wounded.
The orc warrior hits you from afar with a +0 halberd!!
You die...

##.#.# #.#
#...###########†#
.##............#
.# #.############
.. #.# .# #.# ..
#.# #.# #@# #.#
#o# #.? ###


You could see an orc warrior.

Vanquished Creatures
  Menkaure (D:5)
  2 scorpions (D:4)
  An orc priest (D:4)
  Jessica (D:3)
  3 iguanas
  2 adders (D:2)
  A ribbon worm (D:3)
  2 dart slugs
  10 orcs
  6 ball pythons
  5 bats
  7 endoplasms
  3 giant cockroaches
  3 hobgoblins
  4 jackals (D:3)
  4 kobolds
  2 quokkas
  4 frilled lizards
  8 goblins
  8 rats
77 creatures vanquished.

Notes
Turn   | Place    | Note
-------+----------+-------------------------------------------
     0 | D:1      | monsoonserge the Octopode Cinder Acolyte began the quest
                  | for the Orb.
     0 | D:1      | Reached XP level 1. HP: 16/16 MP: 2/2
    74 | D:1      | Reached XP level 2. HP: 21/21 MP: 3/3
    80 | D:1      | Learned a level 2 spell: Scorch
   953 | D:2      | Reached XP level 3. HP: 24/26 MP: 4/4
  1516 | D:2      | Found Duwk's Jewellery Shop.
  1786 | D:2      | Reached XP level 4. HP: 24/32 MP: 5/5
  2043 | D:3      | Noticed Jessica
  2046 | D:3      | Reached skill level 1 in Stealth
  2051 | D:3      | Killed Jessica
  2052 | D:3      | Reached skill level 1 in Unarmed Combat
  2135 | D:3      | Identified the +0 ring mail "Gamueg" {+Blink}
  2230 | D:3      | Noticed Ijyb
  2560 | D:3      | Noticed Sigmund
  2670 | D:4      | Found a runed translucent door.
  2671 | D:4      | Noticed Crazy Yiuf
  2721 | D:4      | Reached skill level 1 in Dodging
  2721 | D:4      | Reached XP level 5. HP: 18/37 MP: 3/7
  2801 | D:4      | Found a transporter.
  2811 | D:4      | Noticed a small abomination
  3054 | D:4      | Found a one-way gate to the infinite horrors of the Abyss.
  3054 | D:4      | Noticed mitya21's ghost (amateur DsSh)
  3056 | D:4      | Noticed a small abomination
  3074 | D:4      | Found a transporter.
  3202 | D:4      | Reached XP level 6. HP: 37/43 MP: 6/8
  3559 | D:5      | Entered Level 5 of the Dungeon
  3630 | D:5      | Noticed a water moccasin
  3816 | D:5      | Noticed Menkaure
  3821 | D:5      | Killed Menkaure
  3822 | D:5      | Reached skill level 1 in Evocations
  3822 | D:5      | Reached XP level 7. HP: 35/48 MP: 2/10
  3827 | D:5      | Slain by an orc warrior

Illustrated notes

Levels and vault maps discovered:
D:1:      evilmike_arrival_plus, layout_loops_corners
D:2:      layout_basic, serial_shops, shop
D:3:      layout_loops_ring, uniq_jessica, uniq_ijyb, uniq_sigmund
D:4:      layout_rooms, gammafunk_ghost_abyssal_escape, uniq_crazy_yiuf_cottage
D:5:      layout_loops_ring, amethyst_overflow_temple_binary,
          minmay_temple_entry_stoned_glass, serial_shops,
          nicolae_shop_mannequins, uniq_menkaure

Skill      XL: |  1  2  3  4  5  6 |
---------------+-------------------+-----
Stealth        | 2 3 |  3.6
Unarmed Combat | 1 |  1.0
Dodging        | 1 2 |  2.0
Maces & Flails | 4 |  4.8
Fighting       | 4 |  4.1
Spellcasting   | 2 |  2.2
Evocations     | 1 |  1.3
Fire Magic     | |  3.8

Action                     |  1- 3 |  4- 6 |  7- 9 || total
---------------------------+-------+-------+-------++-------
  Melee: Mace              |    75 |     5 |       ||    80
         Tentacles         |     8 |    10 |       ||    18
         Constrict         |    15 |    18 |       ||    33
         Punch             |     2 |       |       ||     2
         Club              |       |    67 |       ||    67
   Cast: Scorch            |     5 |     7 |       ||    12
  Evoke: Wand              |       |       |     1 ||     1
    Use: Scroll            |       |     4 |       ||     4
   Stab: Sleeping          |     4 |     8 |       ||    12
 Armour: Skin              |    43 |    38 |     3 ||    84
  Dodge: Dodged            |    66 |    31 |       ||    97
